 Dungeon Crawl Stone Soup version 0.30-a0-800-g7c544603b3 (webtiles) character file.

Game seed: 7608447899914663232

2626 Hubris850 the Changer (level 9, -10/118 (123) HPs)
             Began as a Pale Draconian Transmuter on Feb 22, 2023.
             Was an Initiate of Wu Jian.
             Mangled by an orc warrior
             ... wielding a +0 glaive
              (16 damage)
             ... on level 7 of the Dungeon.
             The game lasted 00:24:56 (5811 turns).

Hubris850 the Changer (Pale Draconian Transmuter)   Turns: 5811, Time: 00:24:56

HP:   -10/118 (123) AC:  8    Str: 16    XL:     9   Next: 34%
MP:   11/18         EV: 15    Int: 21    God:    Wu Jian [......]
Gold: 443           SH:  5    Dex: 11    Spells: 7/20 levels left

rFire   x . .      SeeInvis .      - Unarmed
rCold   + + +      Faith    .    (shield currently unavailable)
rNeg    . . .      Spirit   .    (body armour unavailable)
rPois   +          Reflect  +    (helmet currently unavailable)
rElec   .          Harm     .    (cloak currently unavailable)
rCorr   .          Rampage  .    (gloves currently unavailable)
Will    .....                    (boots currently unavailable) Stlth
                                 m - amulet of reflection
HPRegen 0.39/turn                b - +5 ring of evasion
MPRegen 0.16/turn                q - +6 ring of intelligence

@: berserking, ice-form, wereblooded (expiring), lightly drained, very quick
A: freezing attack, amphibious, boosted hp, (breathe steam), AC +7, large,
unfitting armour, (cold-blooded), (steam resistance)
a: End Transformation, Renounce Religion


You were on level 7 of the Dungeon.
You worshipped Wu Jian.
Wu Jian was noncommittal.
You were a creature of crystalline ice.
You visited 2 branches of the dungeon, and saw 8 of its levels.
You also visited: Sewer.

You collected 443 gold pieces.

Inventory:

Hand Weapons
 g - a +0 short sword
 F - the +6 quarterstaff of Rod Curch {freeze, rC- Str+7 Dex+5}
   (You found it on level 6 of the Dungeon)

   Str:       It affects your strength (+7).
   Dex:       It affects your dexterity (+5).
   rC:        It makes you vulnerable to cold.
Missiles
 h - 3 poisoned darts
 i - 2 javelins
Armour
 f - a +2 cloak of stealth (melded)
 w - the +1 hat of Bualuexoupp (melded) {Harm}
   (You acquired it on level 5 of the Dungeon)

   Harm:      It increases damage dealt and taken.
 D - a +0 buckler (melded)
Magical Staves
 a - a staff of conjuration
 E - a staff of poison
Jewellery
 b - a +5 ring of evasion (left front paw)
 m - an amulet of reflection (around neck)
 q - a +6 ring of intelligence (right front paw)
 y - a ring of see invisible
Wands
 C - a wand of digging (10)
Scrolls
 c - 2 scrolls of poison
 e - 5 scrolls of teleportation
 l - a scroll of vulnerability
 o - a scroll of blinking {unknown}
 s - a scroll of fog {unknown}
 v - a scroll of torment {unknown}
 x - a scroll of immolation {unknown}
 z - a scroll of enchant weapon {unknown}
 B - a scroll of fear {unknown}
Potions
 d - a potion of flight
 j - 2 potions of curing
 k - a potion of lignification
 n - 2 potions of attraction
 p - a potion of might
 r - 2 potions of berserk rage
 u - a potion of cancellation
 A - a potion of invisibility {unknown}


   Skills:
 - Level 3.0 Fighting
 - Level 4.0 Dodging
 - Level 6.0 Unarmed Combat
 + Level 6.0 Spellcasting
 + Level 1.8 Conjurations
 - Level 6.2 Transmutations
 - Level 5.7 Ice Magic


You had 7 spell levels left.
You knew the following spells:

 Your Spells              Type           Power      Damage    Failure   Level
a - Beastly Appendage     Tmut           64%        N/A       1%          1
b - Wereblood             Tmut           32%        N/A       1%          2
c - Ice Form              Ice/Tmut       31%        N/A       9%          4
d - Hailstorm             Conj/Ice       22%        3d7       6%          3
e - Stone Arrow           Conj/Erth      20%        3d8       21%         3

Your spell library contained the following spells:

 Spells                   Type           Power      Damage    Failure   Level
 Spider Form              Tmut/Pois      19%        N/A       9%          3
 Ignite Poison            Fire/Tmut/Pois 15%        N/A       13%         3
 Kindle Blastsparks       Fire/Tloc/Air  12%        2d11      28%         3
 Summon Lightning Spire   Summ/Air       6%         N/A       67%         4
 Freezing Cloud           Conj/Ice/Air   8%         6-21      67%         5
 Simulacrum               Ice/Necr       9%         N/A       99%         6
 Storm Form               Tmut/Air       9%         N/A       100%        7
 Lehudib's Crystal Spear  Conj/Erth      5%         10d3      100%        8
 Maxwell's Capacitive Co  Air            3%         ∞         100%        8
 Animate Armour           Summ/Erth      Unusable   N/A       N/A         4

Dungeon Overview and Level Annotations

Branches:
Dungeon (7/15)             Temple (1/1) D:6           Sewer (visited)

Altars:
Ashenzari
Cheibriados
Dithmenos
Elyvilon
Fedhas
Gozag
Hepliaklqana
Kikubaaqudgha
Makhleb
Nemelex Xobeh
Okawaru
Ru
Sif Muna
Trog
Vehumet
Wu Jian
Xom
Yredelemnul
Zin
The Shining One

Annotations:
D:7 exclusion: 4 orange crystal statues


Innate Abilities, Weirdness & Mutations

You are a creature of crystalline ice.
You have a powerful freezing melee attack.
You are amphibious.
Your maximum health is increased.
Your armour is entirely melded.
You are incapable of wielding weapons or throwing items.
((You can breathe blasts of scalding, opaque steam.))
((Your pale cyan-grey scales are hard. (AC +7)))
You cannot fit into any form of body armour.
((You are cold-blooded and may be slowed by cold attacks.))
((You are immune to the effects of steam.))


Message History

The hail pelts the orc warrior!
The orc warrior is heavily wounded.
You block the wight's attack. The orc closely misses you.
The orc warrior hits you but does no damage.
The necrophage completely misses you.
Unknown command.
You punch the wight!
The wight is almost destroyed.
You howl as the wereblood boils in your veins!
The howler monkey hoots and howls with incredible vigour!
The wight misses you. You block the orc's attack.
You block the orc warrior's attack. The necrophage closely misses you.
You hear a croak.
You hit the wight.
You feel a bit better.
You destroy the wight!
The Council accepts your kill.
The orc priest invokes the aid of Beogh against you.
Beogh smites you!
* * * LOW HITPOINT WARNING * * *
The orc warrior hits you from afar with a +0 glaive.
* * * LOW HITPOINT WARNING * * *
The necrophage misses you.
Your Spellcasting skill increases to level 6!
You feel better. You block the orc's attack.
The orc priest miscasts a cantrip.
The orc warrior barely misses you.
The necrophage hits you but does no damage.
A red film seems to cover your vision as you go berserk!
You feel yourself moving faster!
You feel mighty!
Your primal bloodlust is almost over.
The orc hits you with a +0 hand axe.
* * * LOW HITPOINT WARNING * * *
The orc warrior hits you from afar with a +0 glaive!
* * * LOW HITPOINT WARNING * * *
The necrophage hits you but does no damage.
You pummel the necrophage!!
You feel a bit better.
You destroy the necrophage!
The Council accepts your kill.
The orc warrior hits you from afar with a +0 glaive!
You die...

............#
#.........##... ..
#..........#..## .?.
#.....####.....##...
####.............<.
##...####.....
#....###o.o##...
#.#...##zoh.....
#.##...)Y#
####.###...)#
#.....###.....z.
#.....####.......
#.............##..
#.....##....### .
##.....##..#.#
##..........#.#
##.......#...#.#


You could see an orc warrior, a howler monkey, a wight, an orc priest and an
orc.

Vanquished Creatures
  Sigmund (D:6)
  Edmund (D:5)
  2 water moccasins
  A sky beast (D:6)
  A black bear (D:4)
  2 ice beasts (D:5)
  2 ogres
  A centaur (D:6)
  2 phantoms (D:5)
  Blork the orc (D:5)
  A necrophage (D:7)
  A gnoll sergeant (D:6)
  7 scorpions
  6 wights
  A hound (D:5)
  2 jellies (D:5)
  An orc priest (D:6)
  A gnoll bouda (D:5)
  3 iguanas
  10 gnolls
  9 adders
  An ufetubus (D:4)
  2 worms (D:2)
  2 dart slugs
  15 orcs
  3 endoplasms
  5 giant cockroaches
  6 goblins
  7 hobgoblins
  2 jackals (D:1)
  4 quokkas
  6 ball pythons
  13 bats
  2 frilled lizards
  2 kobolds
  10 rats
136 creatures vanquished.

Vanquished Creatures (others)
  3 gnolls (D:5)
3 creatures vanquished.

Grand Total: 139 creatures vanquished

Notes
Turn   | Place    | Note
-------+----------+-------------------------------------------
     0 | D:1      | Hubris850 the Draconian Transmuter began the quest for the
                  | Orb.
     0 | D:1      | Reached XP level 1. HP: 16/16 MP: 3/3
   140 | D:1      | Reached XP level 2. HP: 23/23 MP: 3/5
   931 | D:1      | Reached XP level 3. HP: 24/29 MP: 4/6
  1247 | D:2      | Reached XP level 4. HP: 34/37 MP: 7/7
  2473 | D:4      | Reached XP level 5. HP: 23/45 MP: 5/8
  2653 | D:4      | Noticed a black bear
  2666 | D:4      | Killed a black bear
  2667 | D:4      | Reached XP level 6. HP: 32/51 MP: 7/9
  2763 | D:4      | Reached skill level 5 in Unarmed Combat
  3080 | D:4      | Found a burning altar of Makhleb.
  3250 | D:4      | Found a shadowy altar of Dithmenos.
  3283 | D:4      | Found a blossoming altar of Fedhas.
  3335 | D:5      | Entered Level 5 of the Dungeon
  3368 | D:5      | Identified 2 scrolls of acquirement
  3368 | D:5      | Acquired the +1 hat of Bualuexoupp {Harm}
  3375 | D:5      | Acquired a +0 cloak of stealth
  3500 | D:5      | Reached skill level 1 in Ice Magic
  3500 | D:5      | Your scales start taking on a pale cyan-grey colour.
  3500 | D:5      | Reached XP level 7. HP: 57/57 MP: 8/10
  3500 | D:5      | Gained mutation: You are immune to the effects of steam.
                  | [Pale Draconian growth]
  3608 | D:5      | Noticed Blork the orc
  3621 | D:5      | Killed Blork the orc
  3631 | D:5      | Learned a level 4 spell: Ice Form
  3739 | D:5      | Found a radiant altar of Vehumet.
  3821 | D:6      | Learned a level 2 spell: Wereblood
  3877 | D:5      | Reached XP level 8. HP: 60/63 MP: 10/13
  3961 | D:5      | Found a glowing drain.
  3970 | Sewer    | Entered a sewer
  4637 | D:5      | Noticed Edmund
  4652 | D:5      | Killed Edmund
  4653 | D:5      | Reached skill level 5 in Transmutations
  4740 | D:6      | Found a staircase to the Ecumenical Temple.
  4748 | Temple   | Entered the Ecumenical Temple
  4805 | Temple   | Became a worshipper of the Wu Jian Council
  4857 | D:6      | Reached skill level 5 in Spellcasting
  4866 | D:6      | Reached skill level 5 in Ice Magic
  4965 | D:6      | Found a basalt altar of Yredelemnul.
  4994 | D:6      | Reached XP level 9. HP: 69/69 MP: 16/16
  5152 | D:6      | Noticed Sigmund
  5157 | D:6      | Killed Sigmund
  5203 | D:6      | Identified the +6 quarterstaff of Rod Curch {freeze, rC-
                  | Str+7 Dex+5}
  5656 | D:7      | Found a runed translucent door.
  5708 | D:7      | Found the +10 tower shield of Ignorance {rN+ Int-4}
  5712 | D:7      | Noticed an orange crystal statue
  5712 | D:7      | Noticed an orange crystal statue
  5712 | D:7      | Noticed an orange crystal statue
  5712 | D:7      | Noticed an orange crystal statue
  5759 | D:7      | Learned a level 3 spell: Hailstorm
  5763 | D:7      | Learned a level 3 spell: Stone Arrow
  5795 | D:7      | Reached skill level 1 in Conjurations
  5810 | D:7      | HP: 5/118 [orc warrior/+0 glaive (15)]
  5811 | D:7      | Mangled by an orc warrior

Illustrated notes

Levels and vault maps discovered:
D:1:      mrwooster_arrival_statue, layout_loops_ring, minmay_hedge_maze,
          minmay_misc_feat_plants
D:2:      layout_basic, st_stairs_3, amcnicky_mini_pool_small
D:3:      layout_basic, kennysheep_generic_room_12
D:4:      layout_cave_pools, fedhas_altar_1, lightli_temple_of_fire,
          marbit_many_paths, grunt_ministairs_10
D:5:      layout_basic, fiery_altar_vehumet, portal_sewer_entry_d,
          uniq_blork_the_orc, uniq_edmund
D:6:      layout_cave_pods, mainiacjoe_overflow_cross_hatched,
          minmay_temple_entry_statues_fountains, uniq_sigmund
D:7:      layout_rooms, chequers_guarded_unrand_ignorance
Temple:   eino_wide_crystal_templ

Skill      XL: |  1  2  3  4  5  6  7  8  9 |
---------------+----------------------------+-----
Dodging        | 2 3 4 |  4.0
Fighting       | 2 3 |  3.0
Unarmed Combat | 4 6 |  6.0
Ice Magic      | 1 3 5 |  5.7
Spellcasting   | 3 5 6 |  6.0
Transmutations | 3 5 6 |  6.2
Conjurations   | 1 |  1.8

Action                     |  1- 3 |  4- 6 |  7- 9 || total
---------------------------+-------+-------+-------++-------
  Melee: Unarmed           |    86 |   111 |   195 ||   392
         Kick              |    16 |    33 |    24 ||    73
         Tailslap          |    17 |    20 |    12 ||    49
         Headbutt          |     6 |    15 |    16 ||    37
         Short sword       |    50 |    43 |       ||    93
         Punch             |     5 |     3 |     4 ||    12
  Throw: Javelin           |     2 |       |     6 ||     8
         Dart              |       |    27 |     7 ||    34
   Cast: Beastly Appendage |    17 |    27 |    12 ||    56
         Wereblood         |       |       |     4 ||     4
         Ice Form          |       |       |     9 ||     9
         Hailstorm         |       |       |     1 ||     1
Ability: Lunge             |       |       |     4 ||     4
         Breathe Steam     |       |       |     3 ||     3
         End Transformatio |       |       |     1 ||     1
    Use: Scroll            |       |     4 |     5 ||     9
         Potion            |       |     2 |     3 ||     5
   Stab: Sleeping          |     1 |     2 |     2 ||     5
 Armour: Skin              |    27 |    25 |    36 ||    88
  Dodge: Dodged            |   121 |    92 |   151 ||   364
  Block: Other             |       |    23 |    51 ||    74

Table legend: (Time is in decaauts)
 A = Elapsed time spent in this place.
 B = Non-inter-level travel time spent in this place.
 C = Inter-level travel time spent in this place.
 D = Time resting spent in this place.
 E = Time spent auto-exploring this place.
 F = Levels seen in this place.
 G = Mean time per level.
                   A        B        C        D        E       F      G
               +--------+--------+--------+--------+--------+-----+--------+
         Total |   5790 |   5556 |    234 |    472 |   3500 |   9 |  643.3 |
       Dungeon |   5485 |   5260 |    225 |    374 |   3472 |   7 |  783.6 |
        Temple |     66 |     57 |      9 |      0 |     28 |   1 |   66.0 |
         Sewer |    238 |    238 |      0 |     98 |      0 |   1 |  238.0 |
               +--------+--------+--------+--------+--------+-----+--------+

Top non-repeatable levels by time:
     D:5: 1027 daAuts
     D:1: 997 daAuts
     D:6: 949 daAuts
     D:2: 940 daAuts
     D:4: 802 daAuts
     D:3: 603 daAuts
   Sewer: 238 daAuts
     D:7: 164 daAuts
  Temple: 66 daAuts
